 Dungeon Crawl Stone Soup version 0.29-a0-559-g359e09b (webtiles) character file.

Game seed: 12374056184273361943

39 BingusPrime the Insei (level 3, 0/27 HPs)
             Began as a Djinni Transmuter on June 10, 2022.
             Slain by a gnoll
             ... wielding a +0 vorpal flail
              (11 damage)
             ... on level 2 of the Dungeon.
             The game lasted 00:11:22 (2484 turns).

BingusPrime the Insei (Djinni Transmuter)           Turns: 2484, Time: 00:11:23

Health: 0/27       AC:  2    Str:  9    XL:     3   Next: 67%
Gold:   65         EV: 12    Int: 16    God:
                   SH:  0    Dex: 13

rFire   + + .      SeeInvis .     - Unarmed
rCold   x . .      Faith    .   (no shield)
rNeg    . . .      Spirit   .   a - +0 robe
rPois   ∞          Reflect  .   (helmet currently unavailable)
rElec   .          Harm     .   (no cloak)
rCorr   .          Rampage  .   (no gloves)
Will    .....                   (boots unavailable)
Stlth   +.........              (no amulet)
HPRegen 0.09/turn               (no ring)
MPRegen 0.00/turn               (no ring)

@: appendages, wereblooded, flying, very slightly contaminated
A: horns 2, flying, sickness immunity, fire resistance 2, cold vulnerability 1,
float, innate caster, HP casting, extra vitality 1
a: End Transformation


You were on level 2 of the Dungeon.
You had temporarily grown beastly horns.
You visited 1 branch of the dungeon, and saw 3 of its levels.

You collected 65 gold pieces.

Inventory:

Missiles
 b - 3 poisoned darts (quivered)
Armour
 a - a +0 robe (worn)
 f - a +2 kite shield
Scrolls
 e - a scroll of enchant armour {unknown}
 h - 2 scrolls of teleportation
 i - a scroll of fog {unknown}
Potions
 c - 3 potions of curing
 d - 2 potions of ambrosia {unknown}
 g - a potion of brilliance {unknown}


   Skills:
 + Level 1.2 Fighting
 * Level 2.9 Dodging
 * Level 3.3 Unarmed Combat
 * Level 2.1 Spellcasting


You couldn't memorise any spells.
You knew the following spells:

 Your Spells              Type           Power      Damage    Failure   Level
a - Beastly Appendage     Tmut           16%        N/A       9%          1
b - Wereblood             Tmut           8%         N/A       13%         2
c - Spider Form           Tmut/Pois      8%         N/A       26%         3
d - Ice Form              Ice/Tmut       8%         N/A       63%         4
e - Sting                 Tmut/Pois      32%        1d4       9%          1
Your spell library was empty.

Dungeon Overview and Level Annotations

Branches:
Dungeon (3/15)

Altars:
Wu Jian

Shops:
D:1 (


Innate Abilities, Weirdness & Mutations

You have temporarily grown beastly horns.
You are flying.
You are immune to sickness and miasma.
You are immune to poison.
Your flesh is very heat resistant. (rF++)
You are vulnerable to cold. (rC-)
You float through the air rather than walking.
You learn spells naturally, not from books.
Your magical power is your life essence.
You have superior vitality. (+4 MHP)


Message History

Throw: 4 darts (poison)
Press: ? - help, Q - select action, (/) - cycle Shift-Dir - straight line, f - gnoll
Aim: a gnoll, wielding a +0 vorpal flail (60% to hit)
You throw a poisoned dart. The poisoned dart hits the gnoll.
Casting: Sting (safe; 9% risk of failure)
Confirm with . or Enter, or press ? or * to list all spells.
Aiming: Sting (safe; 9% risk of failure)
Press: ? - help, Shift-Dir - straight line, f/p - gnoll
Aim: a gnoll, wielding a +0 vorpal flail (72% to hit)
You miscast Sting.
You are very lightly contaminated with residual magic.
Nothing appears to happen.
Casting: Sting (safe; 9% risk of failure)
Confirm with . or Enter, or press ? or * to list all spells.
You miscast Beastly Appendage.
Nothing appears to happen.
The gnoll barely misses you. The gnoll attacks as you move away!
The gnoll hits you with a +0 vorpal flail!
The gnoll attacks as you move away! The gnoll misses you.
There is a stone staircase leading up here.
The gnoll misses you.
You fly upwards.
There is a stone staircase leading down here.
Casting: Beastly Appendage (safe; 9% risk of failure)
Confirm with . or Enter, or press ? or * to list all spells.
Your blood is infused with primal strength.
The gnoll closely misses you. x2
Casting: Wereblood (safe; 13% risk of failure)
Confirm with . or Enter, or press ? or * to list all spells.
You grow a pair of large bovine horns.
The gnoll closely misses you. The gnoll barely misses you.
You hit the gnoll. You headbutt the gnoll.
The gnoll is moderately wounded.
The gnoll hits you with a +0 club.
* * * LOW HITPOINT WARNING * * *
The gnoll hits you with a +0 vorpal flail.
* * * LOW HITPOINT WARNING * * *
x2 It was a potion of curing.
You feel better. The gnoll misses you.
The gnoll hits you with a +0 vorpal flail!
You die...

.##.....#..#.#...#............#
###.#.#.#..#.#.#.#.##.###.....#
#.#.#.#..#.#.#.#.##.# #.#..##
#..)..#..#.....#.#..# #.#..#
#.....#..###.###.#.## #.######
#.....#........#.#.# #......#
###.....#.##...#.#.#.#########.##
........#.......g#..............#
####....#..##.##@#.>.############
#####'#.#..##.#g.#........#
......#.#...#.#..##..####.#
#######.#...#....##.....#.#
#........####.##...#.#.#
#......#.####.##...#.#.#
#......#.......#...#.#.#
#......#########...###.#
#......................#


You could see 2 gnolls.

Vanquished Creatures
  2 dart slugs (D:1)
  2 ball pythons
  5 endoplasms
  A giant cockroach (D:1)
  A goblin (D:1)
  5 hobgoblins
  5 kobolds
  A quokka (D:1)
  5 bats
  A frilled lizard (D:1)
  A rat (D:3)
29 creatures vanquished.

Vanquished Creatures (collateral kills)
  A bat (D:1)
1 creature vanquished.

Grand Total: 30 creatures vanquished

Notes
Turn   | Place    | Note
-------+----------+-------------------------------------------
     0 | D:1      | BingusPrime the Djinni Transmuter began the quest for the
                  | Orb.
     0 | D:1      | Reached XP level 1. HP: 17/17 MP: 0/0
   633 | D:1      | Reached XP level 2. HP: 10/22 MP: 0/0
   920 | D:1      | Found a faded altar of an unknown god.
  1008 | D:1      | Reached XP level 3. HP: 11/27 MP: 0/0
  1008 | D:1      | Learned a level 1 spell: Sting
  1349 | D:1      | Found Igubbova's Weapon Emporium.
  1722 | D:2      | Found an ornate altar of the Wu Jian Council.
  2484 | D:2      | Slain by a gnoll

Illustrated notes

Levels and vault maps discovered:
D:1:      lightli_arrival_windingriver, layout_rooms, serial_shops,
          nicolae_shop_statue_plus, serial_glass, glass_columns_a,
          glass_columns_a, glass_columns_c, glass_columns_a, glass_columns_c,
          glass_columns_c, basic_ecumenical_altar
D:2:      layout_basic, basic_altar, minmay_close_crescents
D:3:      layout_loops_cross, minmay_misc_feat_plants, uniq_grinder,
          uniq_sigmund

Skill      XL: |  1  2  3 |
---------------+----------+-----
Spellcasting   | 2 |  2.1
Fighting       | |  1.2
Dodging        | |  2.9
Unarmed Combat | |  3.3

Action                   || total
-------------------------++-------
Melee: Unarmed           ||    78
       Headbutt          ||     9
       Punch             ||     1
Throw: Dart              ||    12
 Cast: Beastly Appendage ||    18
       Wereblood         ||     3
       Sting             ||    23
  Use: Scroll            ||     4
       Potion            ||     2
Armor: Robe              ||    35
       Skin              ||     6
Dodge: Dodged            ||    71

Table legend: (Time is in decaauts)
 A = Elapsed time spent in this place.
 B = Non-inter-level travel time spent in this place.
 C = Inter-level travel time spent in this place.
 D = Time resting spent in this place.
 E = Time spent auto-exploring this place.
 F = Levels seen in this place.
 G = Mean time per level.
                   A        B        C        D        E       F      G
               +--------+--------+--------+--------+--------+-----+--------+
         Total |   2479 |   2202 |    277 |   1092 |    824 |   3 |  826.3 |
       Dungeon |   2479 |   2202 |    277 |   1092 |    824 |   3 |  826.3 |
               +--------+--------+--------+--------+--------+-----+--------+

Top non-repeatable levels by time:
     D:1: 1647 daAuts
     D:2: 757 daAuts
     D:3: 74 daAuts
